General information
- name: BNet
- type: Ladder team game (AT/RT)
- host: Battle.net
- saver: hero-nuker
map: Deadlock
- players: 8
- length: 09:09
- speed: Fast
- version: 1.26 W3XP
- replay type: Public
» download(56 KB)
Players
team 1 (winner)
BoMBoRa (
blue | 36 APM | 332 actions | 09:08)
2 Priestess of the Moon
1 Trueshot Aura
1 Searing Arrows
» actions
| Assign group hotkey | 2 | |
| Basic commands | 10 | |
| Build / train | 27 | |
| Enter build submenu | 8 | |
| Enter hero's abilities submenu | 2 | |
| Right click | 147 | |
| Select / deselect | 105 | |
| Select group hotkey | 17 | |
| Use ability | 14 | |
332 total
» units
» upgrades
| Strength of the Moon | 1 | |
| Moon Armor | 1 | |
2 total
» buildings
| Altar of Elders | 1 | |
| Moon Well | 4 | |
| Hunter's Hall | 1 | |
| Ancient of War | 2 | |
| Tree of Ages | 1 | |
9 total
» build order
00:06 Altar of Elders
00:17 Moon Well
01:24 Hunter's Hall
01:46 Ancient of War
01:57 Moon Well
02:20 Ancient of War
03:03 Moon Well
06:07 Tree of Ages
07:35 Moon Well

»
Ace_Coyne (
pink | 42 APM | 381 actions | 09:08)
3 Keeper of the Grove
2 Entangling Roots
1 Thorns Aura
1 Warden
1 Shadow Strike
» actions
| Assign group hotkey | 10 | |
| Basic commands | 4 | |
| Build / train | 39 | |
| Enter build submenu | 10 | |
| Enter hero's abilities submenu | 4 | |
| Remove unit from queue | 1 | |
| Right click | 141 | |
| Select / deselect | 97 | |
| Select group hotkey | 55 | |
| Use ability | 20 | |
381 total
» units
» upgrades
| Strength of the Wild | 1 | |
| Ultravision | 1 | |
| Improved Bows | 1 | |
3 total
» buildings
| Altar of Elders | 1 | |
| Moon Well | 4 | |
| Ancient of War | 2 | |
| Ancient of Wonders | 1 | |
| Tree of Ages | 1 | |
| Hunter's Hall | 1 | |
| Ancient of Lore | 1 | |
11 total
» build order
00:08 Altar of Elders
00:10 Moon Well
00:19 Ancient of War
01:24 Moon Well
02:53 Moon Well
03:50 Ancient of Wonders
04:34 Tree of Ages
06:21 Hunter's Hall
06:25 Ancient of War
06:47 Moon Well
08:14 Ancient of Lore
LIVERPOOLFCsol (
yellow | 33 APM | 304 actions | 09:08)
3 Mountain King
2 Storm Bolt
1 Bash
1 Paladin
1 Holy Light
» actions
| Build / train | 33 | |
| Enter build submenu | 15 | |
| Enter hero's abilities submenu | 4 | |
| Right click | 110 | |
| Select / deselect | 122 | |
| Use ability | 20 | |
304 total
» units
» upgrades
| Masonry | 1 | |
| Plating | 2 | |
| Swords | 2 | |
| Lumber Harvesting | 1 | |
6 total
» buildings
| Farm | 6 | |
| Altar of Kings | 1 | |
| Barracks | 1 | |
| Lumber Mill | 1 | |
| Scout Tower | 2 | |
| Arcane Vault | 1 | |
| Blacksmith | 1 | |
| Arcane Tower | 1 | |
| Keep | 1 | |
| Arcane Sanctum | 1 | |
| Castle | 1 | |
| Guard Tower | 1 | |
18 total
» build order
00:15 Farm
00:18 Altar of Kings
00:23 Barracks
00:35 Farm
01:12 Lumber Mill
01:48 Farm
02:35 Scout Tower
03:11 Arcane Vault
03:34 Blacksmith
03:40 Arcane Tower
04:21 Keep
04:25 Farm
05:10 Farm
06:20 Scout Tower
07:38 Arcane Sanctum
07:43 Castle
07:47 Guard Tower
09:04 Farm
hero-nuker (
green | 97 APM | 887 actions | 09:09)
3 Blademaster
2 Wind Walk
1 Critical Strike
1 Shadow Hunter
1 Hex
» actions
| Assign group hotkey | 36 | |
| Basic commands | 1 | |
| Build / train | 31 | |
| Enter build submenu | 9 | |
| Enter hero's abilities submenu | 5 | |
| Give item / drop item | 1 | |
| Right click | 436 | |
| Select / deselect | 88 | |
| Select group hotkey | 227 | |
| Use ability | 53 | |
887 total
» units
| Peon | 7 | |
| Grunt | 5 | |
| Wind Rider | 2 | |
| Troll Batrider | 2 | |
16 total
» buildings
| Altar of Storms | 1 | |
| Orc Burrow | 4 | |
| Barracks | 1 | |
| Voodoo Lounge | 1 | |
| Stronghold | 1 | |
| Beastiary | 2 | |
10 total
» build order
00:08 Altar of Storms
00:19 Orc Burrow
00:36 Barracks
01:23 Orc Burrow
01:57 Voodoo Lounge
02:56 Stronghold
04:54 Orc Burrow
06:14 Beastiary
06:58 Beastiary
08:02 Orc Burrow
» items
| Lesser Clarity Potion | 2 | |
| Healing Salve | 1 | |
| Potion of Lesser Invulnerability | 1 | |
| Dust of Appearance | 1 | |
5 total
team 2 (loser)

»
reggie2 (
orange | 61 APM | 557 actions | 09:05)
3 Blademaster
1 Wind Walk
2 Critical Strike
» actions
| Assign group hotkey | 6 | |
| Basic commands | 46 | |
| Build / train | 37 | |
| Enter build submenu | 12 | |
| Enter hero's abilities submenu | 3 | |
| Give item / drop item | 1 | |
| Right click | 158 | |
| Select / deselect | 121 | |
| Select group hotkey | 131 | |
| Use ability | 42 | |
557 total
» units
| Peon | 10 | |
| Troll Batrider | 4 | |
| Crypt Fiend | 2 | |
16 total
» upgrades
| Ranged Weapons | 1 | |
| Liquid Fire | 1 | |
2 total
» buildings
| Altar of Storms | 1 | |
| Orc Burrow | 3 | |
| Voodoo Lounge | 1 | |
| Stronghold | 1 | |
| War Mill | 1 | |
| Watch Tower | 2 | |
| Beastiary | 3 | |
| Fortress | 1 | |
| Black Citadel | 1 | |
14 total
» build order
00:14 Altar of Storms
00:18 Orc Burrow
01:08 Voodoo Lounge
01:51 Orc Burrow
02:42 Stronghold
03:40 War Mill
04:48 Orc Burrow
05:10 Watch Tower
05:13 Beastiary
06:03 Fortress
06:06 Beastiary
06:56 Beastiary
07:12 Watch Tower
07:46 Black Citadel
» items
| Healing Salve | 2 | |
| Lesser Clarity Potion | 4 | |
| Boots of Speed | 1 | |
| Staff of Teleportation | 1 | |
| Circlet of Nobility | 1 | |
| Dust of Appearance | 1 | |
| Potion of Healing | 1 | |
| Orb of Lightning | 1 | |
12 total
GironEC (
teal | 54 APM | 348 actions | 06:27)
2 Death Knight
1 Death Coil
1 Unholy Aura
» actions
| Assign group hotkey | 8 | |
| Build / train | 17 | |
| Enter build submenu | 7 | |
| Enter hero's abilities submenu | 2 | |
| Right click | 133 | |
| Select / deselect | 79 | |
| Select group hotkey | 92 | |
| Use ability | 10 | |
348 total
» units
| Acolyte | 3 | |
| Ghoul | 4 | |
| Crypt Fiend | 3 | |
10 total
» buildings
| Altar of Darkness | 1 | |
| Ziggurat | 3 | |
| Crypt | 1 | |
| Graveyard | 1 | |
| Nerubian Tower | 1 | |
| Tomb of Relics | 1 | |
| Spirit Tower | 1 | |
| Halls of the Dead | 1 | |
10 total
» build order
00:10 Altar of Darkness
00:17 Ziggurat
00:55 Crypt
01:07 Graveyard
01:22 Ziggurat
01:41 Nerubian Tower
01:45 Tomb of Relics
03:41 Spirit Tower
04:07 Halls of the Dead
04:56 Ziggurat
» items
Beo (
red | 44 APM | 400 actions | 09:08)
2 Mountain King
1 Storm Bolt
1 Bash
» actions
| Assign group hotkey | 12 | |
| Basic commands | 2 | |
| Build / train | 36 | |
| Enter build submenu | 11 | |
| Enter hero's abilities submenu | 2 | |
| Remove unit from queue | 1 | |
| Right click | 156 | |
| Select / deselect | 87 | |
| Select group hotkey | 64 | |
| Use ability | 29 | |
400 total
» units
| Peasant | 10 | |
| Footman | 10 | |
| Crypt Fiend | 2 | |
22 total
» upgrades
» buildings
| Altar of Kings | 1 | |
| Farm | 4 | |
| Barracks | 1 | |
| Scout Tower | 1 | |
| Arcane Tower | 1 | |
| Arcane Vault | 1 | |
| Keep | 5 | |
| Ziggurat | 2 | |
| Sacrificial Pit | 1 | |
| Spirit Tower | 1 | |
18 total
» build order
00:12 Altar of Kings
00:20 Farm
00:27 Barracks
01:09 Farm
01:35 Scout Tower
01:51 Farm
02:12 Arcane Tower
02:27 Arcane Vault
03:57 Keep
03:57 Keep
03:58 Keep
04:07 Farm
08:14 Ziggurat
08:16 Ziggurat
08:40 Sacrificial Pit
08:46 Spirit Tower
» items
| Scroll of Regeneration | 1 | |
| Lesser Clarity Potion | 1 | |
2 total
death_king77 (
purple | 50 APM | 453 actions | 09:01)
1 Blademaster
1 Wind Walk
1 Shadow Hunter
1 Healing Wave
» actions
| Assign group hotkey | 1 | |
| Basic commands | 120 | |
| Build / train | 22 | |
| ESC pressed | 2 | |
| Enter build submenu | 12 | |
| Enter hero's abilities submenu | 2 | |
| Remove unit from queue | 1 | |
| Right click | 136 | |
| Select / deselect | 71 | |
| Select group hotkey | 67 | |
| Use ability | 19 | |
453 total
» units
» upgrades
» buildings
| Altar of Storms | 1 | |
| Orc Burrow | 3 | |
| Barracks | 1 | |
| Voodoo Lounge | 1 | |
| Stronghold | 1 | |
| War Mill | 1 | |
| Fortress | 1 | |
| Spirit Lodge | 1 | |
| Tauren Totem | 2 | |
12 total
» build order
00:08 Altar of Storms
00:11 Orc Burrow
00:34 Barracks
01:30 Orc Burrow
02:00 Voodoo Lounge
03:47 Stronghold
04:24 War Mill
04:53 Orc Burrow
06:11 Fortress
06:36 Spirit Lodge
08:35 Tauren Totem
08:37 Tauren Totem
Chat log
(00:14 / Allies) BoMBoRa: rush
(00:39 / Allies) BoMBoRa: hero pink?
(00:43 / Allies) Ace_Coyne: kotg
(00:46 / Allies) BoMBoRa: kk
(00:47 / Allies) BoMBoRa: ill potm
(01:30 / Allies) hero-nuker: meet my base?
(01:34 / Allies) BoMBoRa: kk
(01:52 / Allies) hero-nuker: how are search times for u blue
(02:03 / Allies) BoMBoRa: 5 mins prolly
(02:55 / All) reggie2: grutn
(02:59 / Allies) BoMBoRa: coming
(03:12 / Allies) BoMBoRa: hit yellow
(03:15 / Allies) BoMBoRa: hit that 1
(03:45 / Allies) BoMBoRa: counter
(03:57 / Allies) BoMBoRa: pinlk
(03:58 / Allies) BoMBoRa: come
(05:01 / Allies) hero-nuker: im going to tk yellow
(06:00 / Allies) hero-nuker: dk